 Dungeon Crawl Stone Soup version 0.20-a0-766-g52e1353 (webtiles) character file.

4361 Laan the Cleaver (level 10, -1/77 HPs)
             Began as a Formicid Fighter on Feb 26, 2017.
             Was an Initiate of Qazlal.
             Slain by a killer bee (6 damage)
             ... on level 7 of the Dungeon.
             The game lasted 00:14:13 (8025 turns).

Laan the Cleaver (Formicid Fighter)                 Turns: 8025, Time: 00:14:14

Health: -1/77      AC: 10    Str: 24    XL:     10   Next: 60%
Magic:  19/19      EV:  8    Int:  8    God:    Qazlal [......]
Gold:   346        SH: 11    Dex: 10    Spells: 9/9 levels left

rFire    . . .     SeeInvis +   u - +1 war axe (flame)
rCold    . . .     Gourm    .   D - +0 chain mail
rNeg     . . .     Faith    .   c - +0 shield
rPois    .         Spirit   .   (helmet unavailable)
rElec    .         Reflect  .   j - scarf {repulsion}
rCorr    .         Harm     .   (no gloves)
MR       +....                  (no boots)
Stlth    ..........             (no amulet)
Regen    0.3/turn               (no ring)
MPRegen  0.2/turn               A - ring of magical power

@: repel missiles
A: permanent stasis, dig shafts and tunnels, four strong arms, antennae 3
a: Dig, Shaft Self, Renounce Religion


You were on level 7 of the Dungeon.
You worshipped Qazlal.
Qazlal was noncommittal.
You were not hungry.

You visited 2 branches of the dungeon, and saw 9 of its levels.

You collected 346 gold pieces.

Inventory:

Hand Weapons
 u - a +1 war axe of flaming (weapon)
Armour
 c - a +0 shield (worn)
 j - a scarf of repulsion (worn)
 D - a +0 chain mail (worn)
Jewellery
 A - a ring of magical power (left hand)
Wands
 C - a wand of acid (7/15)
Scrolls
 h - 2 scrolls of blinking {unknown}
 i - 3 scrolls of identify
 k - a scroll of enchant armour {unknown}
 l - 2 scrolls of fear {unknown}
 m - 2 scrolls of noise {unknown}
 n - 4 scrolls of fog {unknown}
 p - a scroll of enchant weapon {unknown}
 s - 4 scrolls of recharging {unknown}
 t - 5 scrolls of remove curse {unknown}
 x - 2 scrolls of magic mapping {unknown}
 y - 2 scrolls of teleportation {unknown}
 B - a scroll of immolation {unknown}
Potions
 q - 2 potions of lignification
 r - a potion of flight {unknown}
 w - a potion of cancellation
 z - a potion of brilliance {unknown}
Comestibles
 a - a royal jelly
 b - a chunk of flesh
 f - 2 bread rations
 g - 3 meat rations


   Skills:
 + Level 6.6 Fighting
 + Level 11.4 Axes
 + Level 6.8 Armour
 + Level 7.7 Shields


You had 9 spell levels left.
You didn't know any spells.

Dungeon Overview and Level Annotations

Branches:
Dungeon (8/15)             Temple (1/1) D:7
   Lair: D:8-11

Altars:
Ashenzari
Cheibriados
Dithmenos
Elyvilon
Fedhas
Gozag
Hepliaklqana
Kikubaaqudgha
Makhleb
Nemelex Xobeh
Okawaru
Qazlal
Ru
Sif Muna
Trog
Uskayaw
Wu Jian
Xom
Yredelemnul
Zin
The Shining One

Shops:
D:4 %   D:5 (*   D:7 *[}


Innate Abilities, Weirdness & Mutations

You cannot be hasted, slowed, berserked, paralysed or teleported.
You can dig through walls and to a lower floor.
Your four strong arms can wield two-handed weapons with a shield.
You have a pair of large antennae on your head. (SInv)


Message History

The killer bee stings you but does no damage.
You closely miss the killer bee.
The killer bee is moderately wounded.
The killer bee closely misses you. The killer bee stings you.
* * * LOW HITPOINT WARNING * * *
You closely miss the killer bee.
The killer bee is moderately wounded.
The killer bee barely misses you. x2
Your chain mail prevents you from hitting the killer bee.
The killer bee is moderately wounded.
The killer bee stings you but does no damage.
The killer bee closely misses you.
You miss the killer bee.
The killer bee is moderately wounded.
You block the killer bee's attack. The killer bee stings you.
* * * LOW HITPOINT WARNING * * *
You barely miss the killer bee.
The killer bee is moderately wounded.
The killer bee stings you.
You die...

#...........##.#
####..<..#
###.#######..#+####
#........## #####[#
##......#
#.......... .....[#
#......###..##.#....
).....#
#.).................
.#.#..#
#.......###.........
......#
##.[##......#.#.....
...#..#
#.y................
......#
##@........#.......
...#..#
##.............##.
......#
#.........###.##.
...#..#
###.#####.....##.
......# #.#
######... .#.#..#
#####.# #.## ......#
#.....# ####.##
......# ##.#######
#...... #######
##........#
###......


You could see a killer bee.

Vanquished Creatures
  A two-headed ogre (D:6)
  Joseph (D:7)
  Grinder (D:4)
  Menkaure (D:6)
  Duvessa (D:7)
  An orc warrior (D:7)
  3 ice beasts
  A phantom (D:7)
  5 ogres
  A necrophage (D:5)
  2 centaurs
  3 bullfrogs
  Dowan (D:7)
  A wyvern zombie (D:6)
  2 scorpions
  5 killer bees
  3 wights (D:7)
  2 howler monkeys
  2 crimson imps
  A jelly (D:7)
  A quasit (D:5)
  2 bullfrog skeletons (D:6)
  A centaur zombie (D:5)
  4 hounds
  4 orc wizards
  2 orc priests
  5 worker ants
  Ijyb (D:2)
  2 iguanas
  A hound zombie (D:7)
  A hound skeleton (D:7)
  A worker ant zombie (D:5)
  7 gnolls
  13 adders
  An ooze (D:3)
  3 worms
  3 dart slugs
  5 leopard geckos
  25 orcs
  4 giant cockroaches
  11 goblins
  4 hobgoblins
  8 jackals
  4 kobolds
  6 quokkas
  6 ball pythons
  8 bats
  3 frilled lizards
  6 rats
180 creatures vanquished.

Notes
Turn   | Place    | Note
-------+----------+-------------------------------------------
     0 | D:1      | Laan the Formicid Fighter began the quest for the Orb.
     0 | D:1      | Reached XP level 1. HP: 18/18 MP: 1/1
   129 | D:1      | Reached XP level 2. HP: 20/24 MP: 2/2
   283 | D:1      | Reached skill level 3 in Axes
   389 | D:1      | You fall through a shaft!
   394 | D:2      | Reached XP level 3. HP: 22/29 MP: 3/3
   412 | D:2      | Reached XP level 4. HP: 8/35 MP: 4/4
   412 | D:2      | Reached skill level 4 in Axes
  1665 | D:2      | Noticed Ijyb
  1681 | D:2      | Killed Ijyb
  1681 | D:2      | Reached XP level 5. HP: 16/41 MP: 5/5
  1923 | D:2      | Reached skill level 5 in Axes
  2129 | D:3      | Found a snail-covered altar of Cheibriados.
  2130 | D:3      | Found a deep blue altar of Sif Muna.
  2131 | D:3      | Found a white marble altar of Elyvilon.
  2299 | D:3      | Reached XP level 6. HP: 44/47 MP: 6/6
  2478 | D:3      | Reached skill level 6 in Axes
  2651 | D:3      | Noticed an ogre
  2662 | D:3      | Killed an ogre
  2891 | D:4      | Reached XP level 7. HP: 52/52 MP: 7/7
  2905 | D:4      | Reached skill level 7 in Axes
  2913 | D:4      | Found Uredac's Food Emporium.
  2976 | D:4      | Noticed Grinder
  3008 | D:4      | Killed Grinder
  3008 | D:4      | Reached skill level 8 in Axes
  3008 | D:4      | Reached XP level 8. HP: 5/58 MP: 8/8
  3634 | D:4      | Reached skill level 9 in Axes
  3764 | D:5      | Entered Level 5 of the Dungeon
  3841 | D:5      | Found Tobruhet's Antique Weapon Shoppe.
  3951 | D:5      | Found Gozag's Platinum Reserve.
  3972 | D:5      | Found a hide-covered altar of Uskayaw.
  3974 | D:5      | Found an opulent altar of Gozag.
  4419 | D:5      | Reached skill level 10 in Axes
  4670 | D:5      | Found a sparkling altar of Nemelex Xobeh.
  4807 | D:6      | Noticed Menkaure
  4818 | D:6      | Killed Menkaure
  4818 | D:6      | Reached XP level 9. HP: 65/65 MP: 9/9
  5048 | D:6      | Noticed a two-headed ogre
  5068 | D:6      | HP: 3/97 [two-headed ogre/giant club (10)]
  5069 | D:6      | Killed a two-headed ogre
  5069 | D:6      | Reached skill level 5 in Fighting
  5069 | D:6      | Reached skill level 5 in Armour
  5069 | D:6      | Reached skill level 5 in Shields
  5594 | D:6      | You fall through a shaft!
  5594 | D:7      | Found Ogameog's General Store.
  5729 | D:7      | Reached XP level 10. HP: 51/74 MP: 10/10
  5821 | D:7      | Found Palor's Gadget Boutique.
  5832 | D:7      | Noticed Joseph
  5833 | D:7      | Found Daicanape's Antique Armour Shoppe.
  5849 | D:7      | Killed Joseph
  5849 | D:7      | Reached skill level 11 in Axes
  6198 | D:7      | Noticed Duvessa
  6199 | D:7      | Noticed Dowan
  6212 | D:7      | Killed Duvessa
  6219 | D:7      | Killed Dowan
  6310 | D:7      | Found a staircase to the Ecumenical Temple.
  6538 | Temple   | Entered the Ecumenical Temple
  6546 | Temple   | Became a worshipper of Qazlal Stormbringer
  8025 | D:7      | Slain by a killer bee

Vault maps used:
D:1:      dpeg_arrival_erosion
D:2:      uniq_iyjb
D:3:      grunt_temple_overflow_open, small_statue_intersection,
          minmay_quantized
D:4:      serial_shops, shop, uniq_grinder
D:5:      nicolae_overflow_hidden_temple, nicolae_gozag_zags_fifth_avenue,
          serial_shops, shop, first_bread, nemelex_diamond_rough_becter
D:6:      uniq_menkaure
D:7:      minmay_temple_entry_glass, serial_shops, nicolae_shop_statue_plus,
          nicolae_shop_temple_entry_statues_fountains, shop, uniq_duvessa,
          uniq_joseph
D:8:      wad_woods_minihive, enter_bailey_3, serial_shops, nicolae_shop_stone
Temple:   nicolae_temple_no_exploring_needed

Skill      XL: |  1  2  3  4  5  6  7  8  9 10 |
---------------+-------------------------------+-----
Axes           | 3 4 5 6 8 10 11 | 11.4
Shields        | 4 6 7 |  7.7
Fighting       | 5 6 |  6.6
Armour         | 5 6 |  6.8

Action                   |  1- 3 |  4- 6 |  7- 9 | 10-12 || total
-------------------------+-------+-------+-------+-------++-------
Melee: War axe           |    72 |   199 |   184 |   201 ||   656
  Use: Potion            |       |     1 |     9 |     4 ||    14
       Scroll            |       |     2 |     1 |       ||     3
  Eat: Chunk             |       |     7 |     9 |     4 ||    20
       Fruit             |       |       |       |     2 ||     2
       Bread ration      |       |       |       |     1 ||     1
Armor: Scale mail        |    56 |    88 |    62 |     2 ||   208
       Skin              |       |       |     5 |       ||     5
       Chain mail        |       |       |       |    54 ||    54
Dodge: Dodged            |    39 |    69 |    68 |    72 ||   248
       Deflected         |     1 |     2 |     3 |     1 ||     7
Block: Shield            |    63 |   112 |    86 |   127 ||   388
